 Dungeon Crawl Stone Soup version 0.28-a0-578-g717728bcc0 (webtiles) character file.

Game seed: 17519369574362453633

39 Conn the Firebug (level 3, -6/21 HPs)
             Began as an Octopode Fire Elementalist on Oct 2, 2021.
             Mangled by Sigmund (14 damage)
             ... on level 3 of the Dungeon.
             The game lasted 00:03:19 (1538 turns).

Conn the Firebug (Octopode Fire Elementalist)       Turns: 1538, Time: 00:03:20

Health: -6/21      AC:  1    Str:  4 (7)  XL:     3   Next: 45%
Magic:  6/6        EV: 13    Int: 15 (18) God:
Gold:   71         SH:  0    Dex: 11 (12) Spells: 5/6 levels left

rFire   . . .      SeeInvis .   n - +2 short sword (speed)
rCold   . . .      Faith    .   (no shield)
rNeg    . . .      Spirit   .   (helmet restricted)
rPois   .          Reflect  .   g - amulet of magic regeneration
rElec   .          Harm     .   j - ring of willpower
rCorr   .          Rampage  .   (no ring)
Will    +....                   (no ring)
Stlth   +++.......              (no ring)
HPRegen 0.07/turn               (no ring)
MPRegen 0.35/turn               (no ring)
                                (no ring)
                                (no ring)

@: no status effects
A: almost no armour, amphibious, 8 rings, camouflage 1, gelatinous body 1,
(nimble swimmer 1), tentacles
a: no special abilities


You were on level 3 of the Dungeon.
You visited 1 branch of the dungeon, and saw 3 of its levels.

You collected 71 gold pieces.

Inventory:

Hand Weapons
 i - a +0 short sword
 n - a +2 short sword of speed (weapon)
Jewellery
 g - an amulet of magic regeneration (around mantle)
 j - a ring of willpower (left tentacle)
Scrolls
 b - a scroll of enchant armour {unknown}
 d - 4 scrolls of teleportation {unknown}
 f - a scroll of acquirement {unknown}
 h - a scroll of enchant weapon {unknown}
 k - a scroll of amnesia {unknown}
 l - a scroll of noise {unknown}
Potions
 a - a potion of heal wounds {unknown}
 c - a potion of degeneration
 m - a potion of flight {unknown}


   Skills:
 + Level 2.1 Dodging
 + Level 3.1 Stealth
 + Level 2.4 Spellcasting
 + Level 1.2 Conjurations
 + Level 3.6 Fire Magic


You had 5 spell levels left.
You knew the following spells:

 Your Spells              Type           Power      Damage    Failure   Level
a - Foxfire               Conj/Fire      36%        2x1d5     8%          1

Your spell library contained the following spells:

 Spells                   Type           Power      Damage    Failure   Level
 Scorch                   Fire           24%        2d6       7%          2
 Pain                     Necr           4%         1d4       22%         1
 Conjure Flame            Conj/Fire      9%         6-21      22%         3
 Inner Flame              Hex/Fire       7%         N/A       30%         3
 Gell's Gravitas          Tloc           0%         N/A       54%         3
 Teleport Other           Tloc           1%         N/A       54%         3
 Flame Wave               Conj/Fire      9%         3d4       58%         4
 Agony                    Necr           1%         N/A       99%         5
 Excruciating Wounds      Necr           0%         N/A       99%         5
 Dispersal                Tloc           0%         N/A       100%        6


Dungeon Overview and Level Annotations

Branches:
Dungeon (3/15)

Altars:
Cheibriados

Shops:
D:1 ?

Annotations:
D:3 Sigmund


Innate Abilities, Weirdness & Mutations

You cannot wear most types of armour.
You are amphibious.
You can wear up to eight rings at the same time.
Your skin changes colour to match your surroundings (Stealth+).
Your rubbery body absorbs attacks. (AC +1, EV +1)
((You are camouflaged near water. (Stealth+)))
You have tentacles for arms and can constrict up to eight enemies at once.


Message History

Unknown command.
You hit Sigmund. Your grab misses Sigmund.
Sigmund is heavily wounded.
You hit Sigmund. Your grab misses Sigmund.
Sigmund is severely wounded.
The dart slug bites you.
Sigmund points at you and mumbles some strange words.
The magic dart hits you.
Unknown command.
You hit Sigmund. You grab Sigmund.
Sigmund is severely wounded.
You constrict Sigmund.
It was a potion of degeneration.
There was something very wrong with that liquid.
You feel weakened.
You feel dopey.
You feel clumsy.
You constrict Sigmund.
Sigmund gestures wildly while chanting.
Sigmund flickers and vanishes!
Deactivating autopickup; reactivate with Ctrl-A.
The dart slug launches a dart at you. The slug dart misses you.
It was a potion of curing.
You feel better.
You constrict something.
You hear some strange, mumbled words.
Something tries to affect you, but you resist.
The dart slug barely misses you.
You barely miss something. You constrict something. Something hits you!
Ouch! That really hurt!
Unknown command.
You hit something but do no damage. You constrict something.
The dart slug launches a dart at you. The slug dart hits you.
* * * LOW HITPOINT WARNING * * *
Unknown command.
You feel better.
You constrict something.
You hear some strange, mumbled words.
A magic dart appears from out of thin air!
The magic dart hits you. The dart slug bites you.
You closely miss something. You constrict something. Something hits you!
Ouch! That really hurt!
You die...

#[###...†...).(.#.## #.###..##
#<##...##♣'♣##....# #.#§..#..
#.##.♣♣#.....#♣♣..## #.#v..)..
..##.♣÷#..8..#)♣...# #.#....##
####.♣♣#.....#♣♣...# #.).§..##
.##..♣.###'###.♣$..# #.......#
.....♣♣PPP.PPPP♣...######.....§##
.##..♣♣PPP..PP♣♣.......##....>...
.##...♣♣PP.♣P♣♣.@................
.##.#..♣♣P.♣♣♣..w{.....##........
...(....♣♣_♣♣..#...######.#....##
###......♣♣♣.......# #.#.<..#
######....†..###...# #......# .#
#....#### #...# ###.#### .#
#.#### ##.## .. .#####.# .# .#.
.......# .. #.#.


You could see a dart slug.

Vanquished Creatures
  2 worms (D:2)
  A dart slug (D:2)
  2 bats (D:1)
  4 endoplasms
  2 goblins
  A hobgoblin (D:2)
  2 quokkas
  5 ball pythons
  2 frilled lizards (D:3)
  6 kobolds
  4 rats
31 creatures vanquished.

Vanquished Creatures (others)
  98 foxfires
98 creatures vanquished.

Grand Total: 129 creatures vanquished

Notes
Turn   | Place    | Note
-------+----------+-------------------------------------------
     0 | D:1      | Conn the Octopode Fire Elementalist began the quest for the
                  | Orb.
     0 | D:1      | Reached XP level 1. HP: 11/11 MP: 3/3
    96 | D:1      | Reached XP level 2. HP: 4/17 MP: 3/5
   474 | D:1      | Found Oweorphung's Magic Scroll Boutique.
   800 | D:2      | Found a snail-covered altar of Cheibriados.
   916 | D:2      | Reached XP level 3. HP: 21/21 MP: 4/6
  1334 | D:3      | Found a faded altar of an unknown god.
  1526 | D:3      | Noticed Sigmund
  1538 | D:3      | Mangled by Sigmund

Illustrated notes

Levels and vault maps discovered:
D:1:      dpeg_arrival_tiny_a, layout_rooms, serial_shops, shop
D:2:      layout_basic, basic_altar
D:3:      layout_loops_cross, dilly_ecumenical_altar_fadedgnrine, uniq_jessica,
          uniq_sigmund

Skill      XL: |  1  2 |
---------------+-------+-----
Stealth        | 3 |  3.1
Dodging        | |  2.1
Spellcasting   | |  2.4
Conjurations   | |  1.2
Fire Magic     | |  3.6

Action                   || total
-------------------------++-------
Melee: Unarmed           ||     7
       Constrict         ||     4
       Tentacles         ||     1
       Short sword       ||     8
 Cast: Foxfire           ||    58
  Use: Potion            ||     3
 Stab: Sleeping          ||     2
Dodge: Dodged            ||    13

Table legend: (Time is in decaauts)
 A = Elapsed time spent in this place.
 B = Non-inter-level travel time spent in this place.
 C = Inter-level travel time spent in this place.
 D = Time resting spent in this place.
 E = Time spent auto-exploring this place.
 F = Levels seen in this place.
 G = Mean time per level.
                   A        B        C        D        E       F      G
               +--------+--------+--------+--------+--------+-----+--------+
         Total |   1534 |   1485 |     49 |    216 |    874 |   3 |  511.3 |
       Dungeon |   1534 |   1485 |     49 |    216 |    874 |   3 |  511.3 |
               +--------+--------+--------+--------+--------+-----+--------+

Top non-repeatable levels by time:
     D:1: 661 daAuts
     D:2: 546 daAuts
     D:3: 326 daAuts
